 Dungeon Crawl Stone Soup version 0.30.0-29-ga12c61a403 (webtiles) character file.

Game seed: 14679193711092201913

25 explorer the Magician (level 3, -4/25 HPs)
             Began as a Djinni Fire Elementalist on June 15, 2023.
             Slain by a gnoll
             ... wielding a +1 heavy flail
              (15 damage)
             ... on level 2 of the Dungeon.
             The game lasted 00:03:51 (589 turns).

explorer the Magician (Djinni Fire Elementalist)     Turns: 589, Time: 00:03:52

Health: -4/25      AC:  2    Str:  7    XL:     3   Next: 17%
Gold:   62         EV: 12    Int: 18    God:
                   SH:  0    Dex: 13

rFire   + + .        (no weapon)
rCold   x . .        (no shield)
rNeg    . . .        a - +0 robe
rPois   ∞            (no helmet)
rElec   .            (no cloak)
rCorr   .            (no gloves)
SInv    .            (boots unavailable)
Will    .....        (no amulet)
Stlth   ++           (no ring)
HPRegen 0.24/turn    (no ring)
MPRegen 0.00/turn

%: infuse magic (-5 HP)
@: flying, very slightly contaminated
A: sickness immunity, fire resistance 2, cold vulnerability 1, float, innate
caster, HP casting, extra vitality 1
a: no special abilities


You were on level 2 of the Dungeon.
You visited 1 branch of the dungeon, and saw 2 of its levels.

You collected 62 gold pieces.

Inventory:

Armour
 a - a +0 robe (worn)
Potions
 c - a potion of attraction


   Skills:
 + Level 0.2 Fighting
 + Level 2.3 Dodging
 + Level 1.7 Stealth
 + Level 3.1 Spellcasting


You knew the following spells:

 Your Spells              Type           Power      Damage    Failure   Level
a - Foxfire               Conj/Fire      56%        2x1d6     4%          1
b - Scorch                Fire           28%        2d6       7%          2
c - Volatile Blastmotes   Fire/Tloc      28%        2d12      13%         3
d - Inner Flame           Hex/Fire       14%        N/A       13%         3
e - Flame Wave            Conj/Fire      14%        2d6       41%         4
f - Shock                 Conj/Air       56%        1d6       4%          1
Your spell library was empty.

Dungeon Overview and Level Annotations

Branches:
Dungeon (2/15)

Altars:


Innate Abilities, Weirdness & Mutations

You are immune to sickness and miasma.
You are immune to poison.
Your flesh is very heat resistant. (rF++)
You are vulnerable to cold. (rC-)
You float through the air rather than walking.
You learn spells naturally, not from books.
Your magical power is your life essence.
You have superior vitality. (+4 MHP)


Message History

You kill the kobold!
Things that are here:
a +0 short sword; a kobold corpse
b - a scroll of identify
c - a brown potion
As you read the scroll of identify, it crumbles to dust.
c - a potion of attraction You see here a +0 dagger.
Found a dagger.
Found 7 gold pieces.
You now have 62 gold pieces (gained 7).
You see here a +0 dagger.
Found a spear.
There is an open door here.
There is an escape hatch in the floor here.
There is an escape hatch in the floor here.
You fly downwards.
The hatch slams shut behind you.
The gnoll shouts! x3
You aren't carrying any scrolls.
Casting: Scorch (safe; 7% risk of failure)
Confirm with . or Enter, or press ? or * to list all spells.
Flames lash the gnoll.
The gnoll is heavily wounded.
The gnoll's fire resistance burns away.
The gnoll hits you with a +1 heavy flail!
Casting: Scorch (safe; 7% risk of failure)
Confirm with . or Enter, or press ? or * to list all spells.
Flames lash the gnoll.
The gnoll is moderately wounded.
The gnoll's fire resistance burns away.
The gnoll hits you with a +0 whip. The gnoll closely misses you.
Casting: Scorch (safe; 7% risk of failure)
Confirm with . or Enter, or press ? or * to list all spells.
You miscast Scorch.
You are very lightly contaminated with residual magic.
Nothing appears to happen.
The gnoll barely misses you. The gnoll completely misses you.
The gnoll closely misses you.
The gnoll hits you with a +1 heavy flail!
Ouch! That really hurt!
You die...

####+#####
#....@.g.#
#.....gg.#
#..........#
#.#.........#
# #.........#
#.#######.#
#. .# # .# .#


You could see 3 gnolls.

Vanquished Creatures
  5 endoplasms (D:1)
  A giant cockroach (D:1)
  A goblin (D:1)
  4 hobgoblins (D:1)
  4 jackals (D:1)
  A bat (D:1)
  2 frilled lizards (D:1)
  A kobold (D:1)
  2 rats (D:1)
21 creatures vanquished.

Vanquished Creatures (others)
  12 foxfires (D:1)
12 creatures vanquished.

Grand Total: 33 creatures vanquished

Notes
Turn   | Place    | Note
-------+----------+-------------------------------------------
     0 | D:1      | explorer the Djinni Fire Elementalist began the quest for
                  | the Orb.
     0 | D:1      | explorer set off with the following spells memorised:
                  | Foxfire, Scorch, Volatile Blastmotes, Inner Flame, Flame
                  | Wave.
     0 | D:1      | Reached XP level 1. HP: 15/15 MP: 0/0
    62 | D:1      | Reached XP level 2. HP: 12/21 MP: 0/0
   169 | D:1      | Reached skill level 3 in Spellcasting
   175 | D:1      | Reached XP level 3. HP: 17/25 MP: 0/0
   175 | D:1      | Learned a level 1 spell: Shock
   589 | D:2      | Slain by a gnoll

Illustrated notes

Levels and vault maps discovered:
D:1:      minmay_arrival_shoal_huts, layout_rooms
D:2:      layout_basic, dk_noncrumbling_2, skrybe_limestone_x

Skill      XL: |  1  2 |
---------------+-------+-----
Spellcasting   | 3 |  3.1
Fighting       | |  0.2
Dodging        | |  2.3
Stealth        | |  1.7

Action                     || total
---------------------------++-------
  Melee: Unarmed           ||     1
   Cast: Foxfire           ||     8
         Scorch            ||    16
    Use: Scroll            ||     4
 Armour: Robe              ||     2
  Dodge: Dodged            ||     9
